 Dungeon Crawl Stone Soup version 0.22.0-21-g8bd1b0a76a (webtiles) character file.

123 seani the Shield-Bearer (level 4, -7/39 HPs)
             Began as a Minotaur Fighter on Aug 19, 2018.
             Was a Follower of Ashenzari.
             Mangled by Edmund
             ... wielding a +2 dire flail of crushing
              (10 damage)
             ... on level 4 of the Dungeon.
             The game lasted 00:18:13 (1766 turns).

seani the Shield-Bearer (Minotaur Fighter)          Turns: 1766, Time: 00:18:13

Health: -7/39      AC:  8    Str: 20    XL:     4   Next: 79%
Magic:  3/3        EV:  8    Int:  5    God:    Ashenzari [*.....]
Gold:   123        SH:  9    Dex: 11    Spells: 3/3 levels left

rFire    . . .     SeeInvis .   a - +1 war axe (curse)
rCold    . . .     Gourm    .   c - +0 shield
rNeg     . . .     Faith    .   b - +0 scale mail
rPois    .         Spirit   .   (helmet restricted)
rElec    .         Reflect  .   (no cloak)
rCorr    .         Harm     .   (no gloves)
MR       .....                  n - +0 pair of boots
Stlth    ..........             (no amulet)
HPRegen  0.13/turn              (no ring)
MPRegen  0.08/turn              (no ring)

@: no status effects
A: retaliatory headbutt, horns 2
a: Curse Item, Scrying, Renounce Religion


You were on level 4 of the Dungeon.
You worshipped Ashenzari.
Ashenzari was aware of your devotion.
You were not hungry.

You visited 1 branch of the dungeon, and saw 4 of its levels.

You collected 123 gold pieces.

Inventory:

Hand Weapons
 a - a cursed +1 war axe (weapon)
Armour
 b - a +0 scale mail (worn)
 c - a +0 shield (worn)
 n - a +0 pair of boots (worn)
Scrolls
 h - 3 scrolls of teleportation
 i - 2 scrolls of remove curse
 k - 2 scrolls of noise
 l - a scroll of immolation {unknown}
 s - a scroll of fog {unknown}
Potions
 d - a potion of might
 e - 2 potions of haste {unknown}
 g - 2 potions of invisibility {unknown}
 j - 2 potions of degeneration {unknown}
 m - 3 potions of curing {unknown}
 o - a potion of ambrosia {unknown}
 p - a potion of lignification {unknown}
 r - a potion of mutation {unknown}
 t - a potion of brilliance {unknown}
Comestibles
 f - 4 rations
 q - 2 chunks of flesh


   Skills:
 - Level 3.6 Fighting
 + Level 4.3 Axes
 + Level 4.6 Armour
 - Level 0.8 Dodging
 + Level 4.6 Shields


You had 3 spell levels left.
You didn't know any spells.
Your spell library contained the following spells:

 Spells                   Type           Power        Failure   Level  Hunger
 Beastly Appendage        Tmut           #.....       99%         1    ##.....
 Sticks to Snakes         Tmut           #.......     100%        2    ###....
 Spider Form              Tmut/Pois      #.........   100%        3    ####...
 Ice Form                 Ice/Tmut       #.......     100%        4    #####..
 Blade Hands              Tmut           #.........   100%        5    ######.


Dungeon Overview and Level Annotations

Branches:
Dungeon (4/15)
 Temple: D:4-7

Altars:
Ashenzari
Kikubaaqudgha

Annotations:
D:4 Edmund, Ijyb


Innate Abilities, Weirdness & Mutations

You reflexively headbutt those who attack you in melee.
You have a pair of horns on your head.


Message History

You closely miss the orc warrior. You headbutt the orc warrior!
The orc warrior is heavily wounded.
The orc warrior hits you with a mace!!
You barely miss the orc warrior.
The orc warrior is heavily wounded.
You block the orc warrior's attack.
You hit the orc warrior but do no damage.
The orc warrior is heavily wounded.
The orc warrior hits you with a mace!
* * * LOW HITPOINT WARNING * * *
There is a stone staircase leading down here.
The orc warrior barely misses you.
You climb downwards.
Ijyb and Edmund come into view.
Ashenzari warns you: Ijyb is wearing a ring mail of fire resistance and carrying a wand of flame (14).
Edmund is wielding a dire flail of crushing.
Ijyb shouts!
Edmund shouts!
Found 9 gold pieces, a bubbling ruby potion and a scroll of remove curse.
There is a stone staircase leading up here.
Edmund hits you with a dire flail of crushing!
You die...

#########
........#
#.......+
.#.####...g...#
......@..$...?#
#@o.....#
#.....!.#
#.......#
#########


You could see Edmund, an orc warrior and Ijyb.

Vanquished Creatures
  2 adders (D:2)
  3 gnolls (D:2)
  2 oozes (D:2)
  3 dart slugs
  2 leopard geckos
  2 orcs (D:3)
  A ball python (D:3)
  7 bats
  4 giant cockroaches
  5 goblins
  7 hobgoblins
  3 jackals (D:3)
  A frilled lizard (D:1)
  8 kobolds
  5 rats
  A rat zombie (D:2)
56 creatures vanquished.

Notes
Turn   | Place    | Note
-------+----------+-------------------------------------------
     0 | D:1      | seani the Minotaur Fighter began the quest for the Orb.
     0 | D:1      | Reached XP level 1. HP: 19/19 MP: 0/0
   191 | D:1      | Reached XP level 2. HP: 26/26 MP: 1/1
   790 | D:2      | Reached XP level 3. HP: 31/31 MP: 2/2
   850 | D:2      | Found an ancient bone altar of Kikubaaqudgha.
   967 | D:2      | Reached XP level 4. HP: 32/39 MP: 3/3
  1233 | D:2      | Found a faded altar of an unknown god.
  1238 | D:2      | Became a worshipper of Ashenzari the Shackled
  1238 | D:2      | Reached * piety under Ashenzari
  1747 | D:3      | Noticed an orc warrior
  1755 | D:3      | HP: 1/39 [orc warrior/mace (12)]
  1765 | D:4      | Noticed Ijyb
  1765 | D:4      | Noticed Edmund
  1766 | D:4      | Mangled by Edmund

Skill      XL: |  1  2  3  4 |
---------------+-------------+-----
Shields        | 4 |  4.6
Armour         | 4 |  4.6
Axes           | 3 4 |  4.3
Fighting       | |  3.6
Dodging        | |  0.8

Action                   |  1- 3 |  4- 6 || total
-------------------------+-------+-------++-------
Melee: War axe           |    66 |    50 ||   116
       Headbutt          |    11 |     6 ||    17
Invok: Curse Item        |       |     1 ||     1
  Use: Scroll            |     6 |       ||     6
  Eat: Chunk             |       |     3 ||     3
Armor: Scale mail        |    31 |    22 ||    53
Dodge: Dodged            |    22 |    14 ||    36
Block: Shield            |    42 |    28 ||    70
